Senators vs Avalanche

Created - January 21 2011 at 18:03

Goals
1 2 3 T
Senators 0 2 1 3
Avalanche 3 2 2 7
Shots
1 2 3 T
Senators 2 11 9 22
Avalanche 15 6 8 29

Period #1

1. Avalanche , Vaclav Prospal 8 (Brian Gionta, Kyle Quincey) at 0:30
2. Avalanche , Dustin Penner 11 (Brian Gionta, Vaclav Prospal) at 2:08 (PP)
3. Avalanche , Vaclav Prospal 9 (Kyle Quincey, Kris Versteeg) at 11:52 (PP)

Penalties :
Karlis Skrastins (OTT) for Hooking (Minor) at 1:17, Guillaume Latendresse (OTT) for Head-butting (Major / Game Misconduct) at 7:49, Carl Gunnarsson (COL) for Hooking (Minor) at 15:06

Period #2

4. Senators , Jay Bouwmeester 6 (Mike Mottau, Jason Spezza) at 2:28 (PP)
5. Avalanche , Brian Gionta 22 (Joe Corvo, Vaclav Prospal) at 4:53
6. Senators , Jason Spezza 20 (Marian Gaborik, Sidney Crosby) at 6:26
7. Avalanche , Tyler Bozak 14 (Mike Knuble, Joe Corvo) at 17:04 (PP)

Penalties :
Vaclav Prospal (COL) for Diving (Minor) at 2:12, Jay Bouwmeester (OTT) for Slashing (Minor) at 8:24, Sheldon Souray (COL) for Tripping (Minor) at 9:06, Dion Phaneuf (OTT) for Slashing (Minor) at 10:17, Dion Phaneuf (OTT) for High sticking (Minor) at 16:46, Kevin Klein (COL) for Hooking (Minor) at 18:18

Period #3

8. Senators , Daniel Briere 19 (Jason Spezza, Chris Stewart) at 1:04 (PP)
9. Avalanche , Dustin Penner 12 (T.J. Galiardi) at 9:42
10. Avalanche , Mike Knuble 20 (Sheldon Souray, T.J. Galiardi) at 14:06

Penalties :
Vaclav Prospal (COL) for Cross-checking (Minor) at 1:00, Kevin Klein (COL) for Hooking (Minor) at 7:26, T.J. Galiardi (COL) for Delaying the game (Minor) at 10:43, Troy Brouwer (COL) for Holding (Minor) at 15:59

Goalie Stats

Carey Price (OTT), 10 saves from 13 shots - (0.769), 35:07 minutes
Brian Elliott (OTT), 12 saves from 16 shots - (0.750), L, 3-5-1, 24:53 minutes
Antti Niemi (COL), 19 saves from 22 shots - (0.864), W, 15-9-2, 60:00 minutes

Players Stats

Senators
Player Name              G  A  P  +/- PIM S  H  SB FO    MP 
------------------------------------------------------------
Chris Stewart            0  1  1  -1  0   1  0  0  2/4   17 
Daniel Briere            1  0  1  -1  0   2  1  0  1/1   15 
David Jones              0  0  0   0  0   0  0  0  2/2   10 
David Steckel            0  0  0  -1  0   0  1  0  8/17  14 
Dion Phaneuf             0  0  0  -1  4   1  3  1  0/0   21 
Filip Kuba               0  0  0  -1  0   0  0  2  0/0   18 
Guillaume Latendresse    0  0  0   0  15  0  0  0  0/0   2  
Jason Spezza             1  2  3  -1  0   2  0  1  13/21 19 
Jay Bouwmeester          1  0  1  -1  2   2  0  0  0/0   18 
Jordan Staal             0  0  0   0  0   2  0  0  9/20  12 
Karlis Skrastins         0  0  0  -1  2   1  2  1  0/0   21 
Marian Gaborik           0  1  1  -1  0   5  1  0  0/2   18 
Mike Mottau              0  1  1  -1  0   1  0  0  0/0   21 
Milan Michalek           0  0  0  -1  0   0  1  1  0/1   16 
Patrick Dwyer            0  0  0  -1  0   1  1  0  0/1   14 
Sergei Kostitsyn         0  0  0  -1  0   0  1  0  1/1   12 
Sidney Crosby            0  1  1  -1  0   4  0  0  10/22 22 
Trevor Daley             0  0  0  -1  0   0  2  2  0/0   19 
Avalanche
Player Name              G  A  P  +/- PIM S  H  SB FO    MP 
------------------------------------------------------------
Brian Gionta             1  2  3   1  0   3  0  0  0/2   19 
Carl Gunnarsson          0  0  0   0  2   1  1  2  0/0   19 
Dustin Penner            2  0  2   2  0   5  0  1  0/1   18 
Joe Corvo                0  2  2   2  0   2  1  3  0/0   16 
Kevin Klein              0  0  0   1  4   1  1  2  0/0   16 
Kris Versteeg            0  1  1   0  0   0  0  0  0/1   9  
Kyle Quincey             0  2  2   0  0   1  2  1  0/0   25 
Marcel Goc               0  0  0   0  0   0  0  1  10/16 10 
Mike Knuble              1  1  2   2  0   6  0  0  1/2   17 
Sheldon Souray           0  1  1   2  2   0  0  2  0/0   20 
T.J. Galiardi            0  2  2   2  2   2  1  1  14/23 15 
T.J. Oshie               0  0  0   0  0   0  1  0  1/2   15 
Todd White               0  0  0   0  0   0  0  0  0/0   6  
Troy Brouwer             0  0  0   0  2   1  0  1  1/4   14 
Tyler Bozak              1  0  1   0  0   2  1  0  9/19  13 
Vaclav Prospal           2  2  4   1  4   4  3  0  10/22 17 
Wade Redden              0  0  0   1  0   1  0  1  0/0   22 
Wojtek Wolski            0  0  0   1  0   0  1  0  0/0   16 

3 Stars

1 - Vaclav Prospal (COL)
2 - Dustin Penner (COL)
3 - Brian Gionta (COL)

Power Play

Senators - 2 on 8 Attempt(s) - 25.00%
Avalanche - 3 on 5 Attempt(s) - 60.00%

Penalty Kill

Senators - 2 on 5 Attempt(s) - 40.00% - Score 0 goal in Penalty Kill
Avalanche - 6 on 8 Attempt(s) - 75.00% - Score 0 goal in Penalty Kill

Game Notes

Guillaume Latendresse ejected from game at 7:49 of 1st period
Carey Price enters game at 4:53 of 2nd period

Finance

Level 1 -- Attendance: 6500 (100.00%) -- Ticket Income $585,000.00
Level 2 -- Attendance: 3390 (67.80%) -- Ticket Income $203,400.00
Level 3 -- Attendance: 2664 (76.11%) -- Ticket Income $93,240.00
Level 4 -- Attendance: 1885 (93.92%) -- Ticket Income $47,125.00
Luxury Box -- Attendance: 983 (98.30%) -- Ticket Income $186,770.00
Game was played at the Pepsi Center
Total Attendance: 15422 (85.64%)
Total Ticket Income: $1,117,658.00
Other Income: $183,786.60
Total Income: $1,301,445.00


Play by Play

Period #1

0:01 of 1st period - Sidney Crosby wins face-off versus Vaclav Prospal in neutral zone.
0:22 of 1st period - Shot by Vaclav Prospal.
0:22 of 1st period - Shot Misses the Net.
0:26 of 1st period - Shot by Brian Gionta.
0:26 of 1st period - Shot Misses the Net.
0:28 of 1st period - Shot by Vaclav Prospal.
0:28 of 1st period - Shot Hit the Post.
0:30 of 1st period - Shot by Vaclav Prospal.
0:30 of 1st period - Goal by Vaclav Prospal - Senators : 0 - Avalanche : 1.
0:31 of 1st period - Jason Spezza wins face-off versus T.J. Galiardi in neutral zone.
0:34 of 1st period - Shot by Marian Gaborik.
0:34 of 1st period - Shot Blocked by Wade Redden.
0:44 of 1st period - Shot by Marian Gaborik.
0:44 of 1st period - Stopped by Antti Niemi without a rebound.
0:45 of 1st period - Jordan Staal wins face-off versus T.J. Oshie in Avalanche zone.
0:46 of 1st period - Shot by David Jones.
0:46 of 1st period - Shot Blocked by Carl Gunnarsson.
1:09 of 1st period - T.J. Oshie is hit by Trevor Daley and loses puck.
1:17 of 1st period - Minor Penalty to Karlis Skrastins for Hooking.
1:18 of 1st period - David Steckel wins face-off versus Vaclav Prospal in Senators zone.
1:39 of 1st period - Shot by Kyle Quincey.
1:39 of 1st period - Deflect By Vaclav Prospal.
1:39 of 1st period - Shot Misses the Net.
1:41 of 1st period - Shot by Kyle Quincey.
1:41 of 1st period - Stopped by Brian Elliott without a rebound.
1:42 of 1st period - Jordan Staal wins face-off versus Tyler Bozak in Senators zone.
1:55 of 1st period - Jordan Staal is hit by Tyler Bozak and loses puck.
2:00 of 1st period - Shot by Joe Corvo.
2:00 of 1st period - Stopped by Brian Elliott without a rebound.
2:01 of 1st period - Vaclav Prospal wins face-off versus David Steckel in Senators zone.
2:06 of 1st period - Shot by Brian Gionta.
2:06 of 1st period - Shot Misses the Net.
2:08 of 1st period - Shot by Dustin Penner.
2:08 of 1st period - Goal by Dustin Penner - Senators : 0 - Avalanche : 2.
2:09 of 1st period - Jason Spezza wins face-off versus T.J. Galiardi in neutral zone.
2:24 of 1st period - Icing by Mike Knuble.
2:25 of 1st period - T.J. Galiardi wins face-off versus Sidney Crosby in Avalanche zone.
2:29 of 1st period - Off-side.
2:30 of 1st period - Vaclav Prospal wins face-off versus David Steckel in neutral zone.
3:18 of 1st period - Off-side.
3:19 of 1st period - Sidney Crosby wins face-off versus T.J. Galiardi in neutral zone.
3:41 of 1st period - Jay Bouwmeester is hit by T.J. Galiardi and loses puck.
5:23 of 1st period - Joe Corvo is hit by Daniel Briere and loses puck.
7:39 of 1st period - Off-side.
7:40 of 1st period - Jason Spezza wins face-off versus Tyler Bozak in neutral zone.
7:49 of 1st period - Major / Game Misconduct Penalty to Guillaume Latendresse for Head-butting.
7:49 of 1st period - Guillaume Latendresse is ejected from game.
7:50 of 1st period - Vaclav Prospal wins face-off versus David Steckel in Senators zone.
8:37 of 1st period - Shot by Mike Knuble.
8:37 of 1st period - Stopped by Brian Elliott without a rebound.
8:38 of 1st period - Tyler Bozak wins face-off versus Jordan Staal in Senators zone.
8:39 of 1st period - Shot by Wade Redden.
8:39 of 1st period - Stopped by Brian Elliott without a rebound.
8:40 of 1st period - Tyler Bozak wins face-off versus Jordan Staal in Senators zone.
8:49 of 1st period - Shot by Mike Knuble.
8:49 of 1st period - Stopped by Brian Elliott with a rebound.
8:53 of 1st period - Shot by Wojtek Wolski.
8:53 of 1st period - Shot Misses the Net.
8:55 of 1st period - Shot by Mike Knuble.
8:55 of 1st period - Shot Blocked by Trevor Daley.
8:57 of 1st period - Shot by Wojtek Wolski.
8:57 of 1st period - Shot Misses the Net.
9:05 of 1st period - Shot by Tyler Bozak.
9:05 of 1st period - Stopped by Brian Elliott without a rebound.
9:06 of 1st period - David Steckel wins face-off versus Vaclav Prospal in Senators zone.
9:37 of 1st period - Icing by Brian Gionta.
9:38 of 1st period - Jordan Staal wins face-off versus Vaclav Prospal in Avalanche zone.
9:44 of 1st period - Icing by Kyle Quincey.
9:45 of 1st period - David Steckel wins face-off versus Vaclav Prospal in Avalanche zone.
9:48 of 1st period - Shot by Patrick Dwyer.
9:48 of 1st period - Stopped by Antti Niemi without a rebound.
9:49 of 1st period - David Jones wins face-off versus Tyler Bozak in Avalanche zone.
10:23 of 1st period - Off-side.
10:24 of 1st period - Jordan Staal wins face-off versus Vaclav Prospal in neutral zone.
11:23 of 1st period - Shot by Wojtek Wolski.
11:23 of 1st period - Deflect By Mike Knuble.
11:23 of 1st period - Stopped by Brian Elliott with a rebound.
11:25 of 1st period - Shot by Mike Knuble.
11:25 of 1st period - Shot Misses the Net.
11:40 of 1st period - Icing by Joe Corvo.
11:41 of 1st period - Vaclav Prospal wins face-off versus Jordan Staal in Avalanche zone.
11:52 of 1st period - Shot by Vaclav Prospal.
11:52 of 1st period - Goal by Vaclav Prospal - Senators : 0 - Avalanche : 3.
11:53 of 1st period - Tyler Bozak wins face-off versus Jordan Staal in neutral zone.
13:24 of 1st period - Icing by Jason Spezza.
13:25 of 1st period - Jason Spezza wins face-off versus Mike Knuble in Senators zone.
13:51 of 1st period - Shot by Mike Knuble.
13:51 of 1st period - Stopped by Brian Elliott without a rebound.
13:52 of 1st period - Sidney Crosby wins face-off versus Vaclav Prospal in Senators zone.
14:05 of 1st period - Sidney Crosby is hit by Vaclav Prospal and loses puck.
14:10 of 1st period - Shot by Brian Gionta.
14:10 of 1st period - Deflect By Wojtek Wolski.
14:10 of 1st period - Shot Misses the Net.
14:14 of 1st period - Shot by Vaclav Prospal.
14:14 of 1st period - Stopped by Brian Elliott without a rebound.
14:15 of 1st period - David Steckel wins face-off versus Tyler Bozak in Senators zone.
14:15 of 1st period - David Steckel is hit by T.J. Oshie.
14:21 of 1st period - T.J. Oshie is hit by Patrick Dwyer and loses puck.
14:45 of 1st period - David Steckel is hit by Joe Corvo and loses puck.
15:05 of 1st period - Shot by Chris Stewart.
15:05 of 1st period - Shot Blocked by Carl Gunnarsson.
15:06 of 1st period - Minor Penalty to Carl Gunnarsson for Hooking.
15:07 of 1st period - Jason Spezza wins face-off versus Marcel Goc in Avalanche zone.
15:42 of 1st period - Shot by Mike Mottau.
15:42 of 1st period - Shot Misses the Net.
16:55 of 1st period - Off-side.
16:56 of 1st period - T.J. Oshie wins face-off versus Jason Spezza in neutral zone.
18:15 of 1st period - Shot by Brian Gionta.
18:15 of 1st period - Shot Misses the Net.
18:17 of 1st period - Shot by Wojtek Wolski.
18:17 of 1st period - Shot Misses the Net.
18:51 of 1st period - Shot by Carl Gunnarsson.
18:51 of 1st period - Stopped by Brian Elliott without a rebound.
18:52 of 1st period - Jason Spezza wins face-off versus T.J. Galiardi in Senators zone.
19:17 of 1st period - Shot by Dustin Penner.
19:17 of 1st period - Stopped by Brian Elliott with a rebound.
19:21 of 1st period - Shot by T.J. Galiardi.
19:21 of 1st period - Stopped by Brian Elliott without a rebound.
19:22 of 1st period - Marcel Goc wins face-off versus Sidney Crosby in Senators zone.
19:43 of 1st period - Marcel Goc is hit by Milan Michalek and loses puck.

Period #2

0:01 of 2nd period - Vaclav Prospal wins face-off versus Sidney Crosby in neutral zone.
0:37 of 2nd period - Jay Bouwmeester is hit by Vaclav Prospal.
0:44 of 2nd period - Off-side.
0:45 of 2nd period - Jason Spezza wins face-off versus T.J. Galiardi in neutral zone.
0:58 of 2nd period - Shot by Daniel Briere.
0:58 of 2nd period - Shot Blocked by Sheldon Souray.
1:10 of 2nd period - Shot by Marian Gaborik.
1:10 of 2nd period - Stopped by Antti Niemi without a rebound.
1:11 of 2nd period - David Steckel wins face-off versus Tyler Bozak in Avalanche zone.
1:30 of 2nd period - Shot by Karlis Skrastins.
1:30 of 2nd period - Stopped by Antti Niemi without a rebound.
1:31 of 2nd period - T.J. Galiardi wins face-off versus Jason Spezza in Avalanche zone.
1:38 of 2nd period - Shot by Jason Spezza.
1:38 of 2nd period - Shot Hit the Post.
1:40 of 2nd period - Shot by Filip Kuba.
1:40 of 2nd period - Shot Misses the Net.
1:42 of 2nd period - Shot by Dion Phaneuf.
1:42 of 2nd period - Shot Misses the Net.
2:12 of 2nd period - Minor Penalty to Vaclav Prospal for Diving.
2:13 of 2nd period - Jordan Staal wins face-off versus Marcel Goc in Avalanche zone.
2:14 of 2nd period - Shot by Mike Mottau.
2:14 of 2nd period - Stopped by Antti Niemi without a rebound.
2:15 of 2nd period - Daniel Briere wins face-off versus Marcel Goc in Avalanche zone.
2:22 of 2nd period - Shot by Jason Spezza.
2:22 of 2nd period - Shot Blocked by Kevin Klein.
2:24 of 2nd period - Shot by Jay Bouwmeester.
2:24 of 2nd period - Shot Blocked by Kevin Klein.
2:26 of 2nd period - Shot by Mike Mottau.
2:26 of 2nd period - Shot Blocked by Joe Corvo.
2:28 of 2nd period - Shot by Jay Bouwmeester.
2:28 of 2nd period - Goal by Jay Bouwmeester - Senators : 1 - Avalanche : 3.
2:29 of 2nd period - Vaclav Prospal wins face-off versus Patrick Dwyer in neutral zone.
2:29 of 2nd period - Wojtek Wolski is hit by David Steckel and loses puck.
3:33 of 2nd period - Icing by Dustin Penner.
3:34 of 2nd period - T.J. Galiardi wins face-off versus Sidney Crosby in Avalanche zone.
4:49 of 2nd period - Shot by Vaclav Prospal.
4:49 of 2nd period - Shot Misses the Net.
4:53 of 2nd period - Shot by Brian Gionta.
4:53 of 2nd period - Goal by Brian Gionta - Senators : 1 - Avalanche : 4.
4:53 of 2nd period - Carey Price enters game.
4:54 of 2nd period - Marcel Goc wins face-off versus Jordan Staal in neutral zone.
6:26 of 2nd period - Shot by Jason Spezza.
6:26 of 2nd period - Goal by Jason Spezza - Senators : 2 - Avalanche : 4.
6:27 of 2nd period - T.J. Galiardi wins face-off versus Sidney Crosby in neutral zone.
7:12 of 2nd period - Shot by Tyler Bozak.
7:12 of 2nd period - Shot Blocked by Milan Michalek.
7:14 of 2nd period - Shot by Carl Gunnarsson.
7:14 of 2nd period - Shot Misses the Net.
7:16 of 2nd period - Shot by Joe Corvo.
7:16 of 2nd period - Stopped by Carey Price without a rebound.
7:17 of 2nd period - Tyler Bozak wins face-off versus David Steckel in Senators zone.
7:26 of 2nd period - Shot by Troy Brouwer.
7:26 of 2nd period - Shot Misses the Net.
8:09 of 2nd period - Shot by Jason Spezza.
8:09 of 2nd period - Shot Blocked by Kyle Quincey.
8:21 of 2nd period - Shot by Vaclav Prospal.
8:21 of 2nd period - Stopped by Carey Price without a rebound.
8:22 of 2nd period - T.J. Galiardi wins face-off versus Jordan Staal in Senators zone.
8:24 of 2nd period - Minor Penalty to Jay Bouwmeester for Slashing.
8:25 of 2nd period - Vaclav Prospal wins face-off versus David Steckel in Senators zone.
8:52 of 2nd period - Shot by Brian Gionta.
8:52 of 2nd period - Shot Blocked by Dion Phaneuf.
9:05 of 2nd period - Icing by Vaclav Prospal.
9:06 of 2nd period - Jordan Staal wins face-off versus Vaclav Prospal in Avalanche zone.
9:06 of 2nd period - Minor Penalty to Sheldon Souray for Tripping.
9:07 of 2nd period - T.J. Galiardi wins face-off versus Marian Gaborik in Avalanche zone.
9:32 of 2nd period - Shot by T.J. Galiardi.
9:32 of 2nd period - Shot Blocked by Jason Spezza.
9:34 of 2nd period - Shot by T.J. Galiardi.
9:34 of 2nd period - Shot Misses the Net.
9:36 of 2nd period - Shot by Dustin Penner.
9:36 of 2nd period - Shot Misses the Net.
10:17 of 2nd period - Minor Penalty to Dion Phaneuf for Slashing.
10:18 of 2nd period - T.J. Galiardi wins face-off versus Jordan Staal in Senators zone.
10:27 of 2nd period - Shot by Brian Gionta.
10:27 of 2nd period - Deflect By T.J. Galiardi.
10:27 of 2nd period - Shot Blocked by Filip Kuba.
10:49 of 2nd period - Shot by Sidney Crosby.
10:49 of 2nd period - Shot Misses the Net.
10:53 of 2nd period - Shot by Sidney Crosby.
10:53 of 2nd period - Shot Misses the Net.
11:12 of 2nd period - Icing by Tyler Bozak.
11:13 of 2nd period - David Jones wins face-off versus Tyler Bozak in Avalanche zone.
11:40 of 2nd period - Shot by Mike Knuble.
11:40 of 2nd period - Shot Misses the Net.
11:44 of 2nd period - Shot by Tyler Bozak.
11:44 of 2nd period - Shot Blocked by Trevor Daley.
12:29 of 2nd period - Shot by Marian Gaborik.
12:29 of 2nd period - Shot Misses the Net.
12:37 of 2nd period - Shot by Marian Gaborik.
12:37 of 2nd period - Stopped by Antti Niemi without a rebound.
12:38 of 2nd period - Jason Spezza wins face-off versus T.J. Galiardi in Avalanche zone.
12:39 of 2nd period - Shot by Filip Kuba.
12:39 of 2nd period - Shot Misses the Net.
12:43 of 2nd period - Shot by Jason Spezza.
12:43 of 2nd period - Shot Blocked by T.J. Galiardi.
12:49 of 2nd period - Shot by Marian Gaborik.
12:49 of 2nd period - Stopped by Antti Niemi without a rebound.
12:50 of 2nd period - Sergei Kostitsyn wins face-off versus Tyler Bozak in Avalanche zone.
13:14 of 2nd period - Shot by T.J. Oshie.
13:14 of 2nd period - Shot Misses the Net.
13:16 of 2nd period - Shot by Troy Brouwer.
13:16 of 2nd period - Shot Misses the Net.
13:20 of 2nd period - Shot by Sheldon Souray.
13:20 of 2nd period - Shot Misses the Net.
13:32 of 2nd period - Shot by Brian Gionta.
13:32 of 2nd period - Shot Misses the Net.
13:45 of 2nd period - Wojtek Wolski is hit by Trevor Daley and loses puck.
14:00 of 2nd period - Shot by Vaclav Prospal.
14:00 of 2nd period - Deflect By Brian Gionta.
14:00 of 2nd period - Stopped by Carey Price without a rebound.
14:01 of 2nd period - T.J. Galiardi wins face-off versus Jason Spezza in Senators zone.
14:12 of 2nd period - Shot by T.J. Galiardi.
14:12 of 2nd period - Shot Misses the Net.
14:14 of 2nd period - Shot by Mike Knuble.
14:14 of 2nd period - Stopped by Carey Price without a rebound.
14:15 of 2nd period - Marcel Goc wins face-off versus Sidney Crosby in Senators zone.
14:33 of 2nd period - Off-side.
14:34 of 2nd period - Tyler Bozak wins face-off versus Marian Gaborik in neutral zone.
15:07 of 2nd period - Shot by Jason Spezza.
15:07 of 2nd period - Stopped by Antti Niemi without a rebound.
15:08 of 2nd period - Sidney Crosby wins face-off versus T.J. Galiardi in Avalanche zone.
15:15 of 2nd period - Shot by Sidney Crosby.
15:15 of 2nd period - Shot Misses the Net.
16:20 of 2nd period - Icing by Dion Phaneuf.
16:21 of 2nd period - Tyler Bozak wins face-off versus Chris Stewart in Senators zone.
16:33 of 2nd period - Tyler Bozak is hit by Dion Phaneuf and loses puck.
16:45 of 2nd period - Troy Brouwer is hit by Dion Phaneuf and loses puck.
16:46 of 2nd period - Minor Penalty to Dion Phaneuf for High sticking.
16:47 of 2nd period - Tyler Bozak wins face-off versus Jordan Staal in Senators zone.
17:02 of 2nd period - Shot by Mike Knuble.
17:02 of 2nd period - Shot Blocked by Karlis Skrastins.
17:04 of 2nd period - Shot by Tyler Bozak.
17:04 of 2nd period - Goal by Tyler Bozak - Senators : 2 - Avalanche : 5.
17:05 of 2nd period - Mike Knuble wins face-off versus David Steckel in neutral zone.
17:13 of 2nd period - Icing by Sergei Kostitsyn.
17:14 of 2nd period - David Steckel wins face-off versus Marcel Goc in Senators zone.
17:52 of 2nd period - Off-side.
17:53 of 2nd period - T.J. Galiardi wins face-off versus Jason Spezza in neutral zone.
17:55 of 2nd period - Mike Knuble is hit by Dion Phaneuf and loses puck.
18:05 of 2nd period - Marian Gaborik is hit by Carl Gunnarsson.
18:11 of 2nd period - Shot by Marian Gaborik.
18:11 of 2nd period - Stopped by Antti Niemi without a rebound.
18:12 of 2nd period - Chris Stewart wins face-off versus Vaclav Prospal in Avalanche zone.
18:18 of 2nd period - Minor Penalty to Kevin Klein for Hooking.
18:19 of 2nd period - Marcel Goc wins face-off versus Sidney Crosby in Avalanche zone.
18:30 of 2nd period - Shot by Sidney Crosby.
18:30 of 2nd period - Shot Blocked by Marcel Goc.
18:34 of 2nd period - Shot by Sidney Crosby.
18:34 of 2nd period - Shot Misses the Net.
18:36 of 2nd period - Shot by Jay Bouwmeester.
18:36 of 2nd period - Deflect By Sidney Crosby.
18:36 of 2nd period - Stopped by Antti Niemi without a rebound.
18:37 of 2nd period - Jason Spezza wins face-off versus Troy Brouwer in Avalanche zone.
19:54 of 2nd period - Shot by Sidney Crosby.
19:54 of 2nd period - Stopped by Antti Niemi without a rebound.
19:55 of 2nd period - Jason Spezza wins face-off versus Brian Gionta in Avalanche zone.
19:56 of 2nd period - Shot by Filip Kuba.
19:56 of 2nd period - Shot Blocked by Joe Corvo.

Period #3

0:01 of 3rd period - Troy Brouwer wins face-off versus Sidney Crosby in neutral zone.
0:34 of 3rd period - Shot by T.J. Galiardi.
0:34 of 3rd period - Shot Misses the Net.
0:36 of 3rd period - Shot by Mike Knuble.
0:36 of 3rd period - Deflect By Dustin Penner.
0:36 of 3rd period - Stopped by Carey Price without a rebound.
0:37 of 3rd period - Vaclav Prospal wins face-off versus Jason Spezza in Senators zone.
1:00 of 3rd period - Minor Penalty to Vaclav Prospal for Cross-checking.
1:01 of 3rd period - Chris Stewart wins face-off versus Kris Versteeg in Avalanche zone.
1:02 of 3rd period - Shot by Jason Spezza.
1:02 of 3rd period - Shot Misses the Net.
1:04 of 3rd period - Shot by Daniel Briere.
1:04 of 3rd period - Goal by Daniel Briere - Senators : 3 - Avalanche : 5.
1:05 of 3rd period - T.J. Galiardi wins face-off versus David Steckel in neutral zone.
1:07 of 3rd period - Off-side.
1:08 of 3rd period - T.J. Galiardi wins face-off versus Jordan Staal in neutral zone.
2:24 of 3rd period - Trevor Daley is hit by Wojtek Wolski and loses puck.
3:33 of 3rd period - Icing by Chris Stewart.
3:34 of 3rd period - Sidney Crosby wins face-off versus T.J. Galiardi in Senators zone.
4:09 of 3rd period - Shot by Filip Kuba.
4:09 of 3rd period - Shot Blocked by Dustin Penner.
4:12 of 3rd period - Icing by Sheldon Souray.
4:13 of 3rd period - T.J. Galiardi wins face-off versus Jason Spezza in Avalanche zone.
4:41 of 3rd period - Sheldon Souray is hit by Sergei Kostitsyn and loses puck.
5:07 of 3rd period - Shot by Sidney Crosby.
5:07 of 3rd period - Stopped by Antti Niemi without a rebound.
5:08 of 3rd period - David Steckel wins face-off versus Tyler Bozak in Avalanche zone.
5:09 of 3rd period - Shot by Jason Spezza.
5:09 of 3rd period - Shot Blocked by Troy Brouwer.
5:34 of 3rd period - Shot by Tyler Bozak.
5:34 of 3rd period - Shot Misses the Net.
5:36 of 3rd period - Shot by Kyle Quincey.
5:36 of 3rd period - Shot Misses the Net.
5:40 of 3rd period - Shot by Troy Brouwer.
5:40 of 3rd period - Shot Misses the Net.
5:42 of 3rd period - Shot by Troy Brouwer.
5:42 of 3rd period - Shot Misses the Net.
6:06 of 3rd period - Off-side.
6:07 of 3rd period - Vaclav Prospal wins face-off versus Jordan Staal in neutral zone.
6:27 of 3rd period - Icing by Karlis Skrastins.
6:28 of 3rd period - Jordan Staal wins face-off versus Marcel Goc in Senators zone.
6:45 of 3rd period - Icing by Joe Corvo.
6:46 of 3rd period - Sidney Crosby wins face-off versus Marcel Goc in Avalanche zone.
6:59 of 3rd period - Shot by Sidney Crosby.
6:59 of 3rd period - Deflect By Marian Gaborik.
6:59 of 3rd period - Shot Misses the Net.
7:01 of 3rd period - Shot by Marian Gaborik.
7:01 of 3rd period - Shot Misses the Net.
7:05 of 3rd period - Shot by Sidney Crosby.
7:05 of 3rd period - Stopped by Antti Niemi with a rebound.
7:07 of 3rd period - Shot by Dion Phaneuf.
7:07 of 3rd period - Stopped by Antti Niemi without a rebound.
7:08 of 3rd period - Sidney Crosby wins face-off versus Vaclav Prospal in Avalanche zone.
7:26 of 3rd period - Minor Penalty to Kevin Klein for Hooking.
7:27 of 3rd period - Marcel Goc wins face-off versus Sidney Crosby in Avalanche zone.
7:27 of 3rd period - Marcel Goc is hit by Marian Gaborik.
8:54 of 3rd period - Shot by Jay Bouwmeester.
8:54 of 3rd period - Shot Misses the Net.
8:56 of 3rd period - Shot by Jordan Staal.
8:56 of 3rd period - Stopped by Antti Niemi without a rebound.
8:57 of 3rd period - Marcel Goc wins face-off versus Jordan Staal in Avalanche zone.
9:27 of 3rd period - Daniel Briere is hit by Kyle Quincey and loses puck.
9:38 of 3rd period - Shot by Brian Gionta.
9:38 of 3rd period - Stopped by Carey Price with a rebound.
9:40 of 3rd period - Shot by Kevin Klein.
9:40 of 3rd period - Stopped by Carey Price without a rebound.
9:41 of 3rd period - T.J. Galiardi wins face-off versus David Steckel in Senators zone.
9:42 of 3rd period - Shot by Dustin Penner.
9:42 of 3rd period - Goal by Dustin Penner - Senators : 3 - Avalanche : 6.
9:43 of 3rd period - T.J. Galiardi wins face-off versus David Steckel in neutral zone.
9:48 of 3rd period - Shot by Dustin Penner.
9:48 of 3rd period - Stopped by Carey Price without a rebound.
9:49 of 3rd period - Vaclav Prospal wins face-off versus Jason Spezza in Senators zone.
10:38 of 3rd period - Shot by Mike Knuble.
10:38 of 3rd period - Shot Misses the Net.
10:43 of 3rd period - Minor Penalty to T.J. Galiardi for Delaying the game.
10:44 of 3rd period - Marcel Goc wins face-off versus Chris Stewart in Avalanche zone.
11:00 of 3rd period - Off-side.
11:01 of 3rd period - Sidney Crosby wins face-off versus Troy Brouwer in neutral zone.
11:05 of 3rd period - Off-side.
11:06 of 3rd period - Marcel Goc wins face-off versus Sidney Crosby in neutral zone.
12:06 of 3rd period - Shot by Chris Stewart.
12:06 of 3rd period - Deflect By Jordan Staal.
12:06 of 3rd period - Stopped by Antti Niemi with a rebound.
12:08 of 3rd period - Shot by Karlis Skrastins.
12:08 of 3rd period - Deflect By Daniel Briere.
12:08 of 3rd period - Stopped by Antti Niemi without a rebound.
12:09 of 3rd period - Jason Spezza wins face-off versus Troy Brouwer in Avalanche zone.
12:14 of 3rd period - Shot by Filip Kuba.
12:14 of 3rd period - Shot Misses the Net.
12:52 of 3rd period - Shot by T.J. Galiardi.
12:52 of 3rd period - Stopped by Carey Price without a rebound.
12:53 of 3rd period - David Steckel wins face-off versus Vaclav Prospal in Senators zone.
13:03 of 3rd period - Shot by Sergei Kostitsyn.
13:03 of 3rd period - Shot Misses the Net.
13:08 of 3rd period - Brian Gionta is hit by Karlis Skrastins and loses puck.
13:48 of 3rd period - Icing by Wade Redden.
13:49 of 3rd period - Jason Spezza wins face-off versus Dustin Penner in Avalanche zone.
13:54 of 3rd period - Shot by Sidney Crosby.
13:54 of 3rd period - Shot Blocked by Sheldon Souray.
14:06 of 3rd period - Shot by Mike Knuble.
14:06 of 3rd period - Goal by Mike Knuble - Senators : 3 - Avalanche : 7.
14:07 of 3rd period - Sidney Crosby wins face-off versus Tyler Bozak in neutral zone.
14:22 of 3rd period - Shot by Troy Brouwer.
14:22 of 3rd period - Stopped by Carey Price without a rebound.
14:23 of 3rd period - Jordan Staal wins face-off versus Vaclav Prospal in Senators zone.
14:23 of 3rd period - Jordan Staal is hit by Vaclav Prospal.
14:33 of 3rd period - Jordan Staal is hit by Kyle Quincey and loses puck.
15:20 of 3rd period - Shot by T.J. Galiardi.
15:20 of 3rd period - Shot Blocked by Filip Kuba.
15:43 of 3rd period - Icing by Sheldon Souray.
15:44 of 3rd period - Jordan Staal wins face-off versus T.J. Galiardi in Avalanche zone.
15:47 of 3rd period - Shot by Jordan Staal.
15:47 of 3rd period - Shot Misses the Net.
15:49 of 3rd period - Shot by Chris Stewart.
15:49 of 3rd period - Stopped by Antti Niemi without a rebound.
15:50 of 3rd period - Tyler Bozak wins face-off versus Sidney Crosby in Avalanche zone.
15:54 of 3rd period - Icing by Troy Brouwer.
15:55 of 3rd period - Sidney Crosby wins face-off versus Tyler Bozak in Avalanche zone.
15:59 of 3rd period - Minor Penalty to Troy Brouwer for Holding.
16:00 of 3rd period - Marcel Goc wins face-off versus Milan Michalek in Avalanche zone.
16:11 of 3rd period - Shot by Marian Gaborik.
16:11 of 3rd period - Shot Misses the Net.
16:13 of 3rd period - Shot by Jay Bouwmeester.
16:13 of 3rd period - Shot Blocked by Joe Corvo.
16:15 of 3rd period - Shot by Jay Bouwmeester.
16:15 of 3rd period - Shot Misses the Net.
16:17 of 3rd period - Shot by Milan Michalek.
16:17 of 3rd period - Shot Misses the Net.
16:21 of 3rd period - Shot by Marian Gaborik.
16:21 of 3rd period - Deflect By Sidney Crosby.
16:21 of 3rd period - Shot Misses the Net.
16:23 of 3rd period - Shot by Jay Bouwmeester.
16:23 of 3rd period - Stopped by Antti Niemi without a rebound.
16:24 of 3rd period - Jason Spezza wins face-off versus Brian Gionta in Avalanche zone.
17:44 of 3rd period - Icing by Jason Spezza.
17:45 of 3rd period - Marcel Goc wins face-off versus Jason Spezza in Senators zone.
17:49 of 3rd period - T.J. Oshie is hit by Karlis Skrastins and loses puck.
19:35 of 3rd period - Icing by Kyle Quincey.
19:36 of 3rd period - Tyler Bozak wins face-off versus Sidney Crosby in Avalanche zone.
19:50 of 3rd period - Sidney Crosby is hit by Kevin Klein and loses puck.


Output by the SimonT Hockey Simulator (STHS) for Stephane Roy -- Original Page W3C XHTML 1.0 Valid